 Seeded DCSS version 0.30.0-29-ga12c61a403 (webtiles) character file.

Game seed: 18007716519941398942 (custom seed)

4 Dadbod the Shield-Bearer (level 1, 18/18 HPs)
             Began as a Formicid Fighter on June 5, 2023.
             Quit the game on level 1 of the Dungeon.
             The game lasted 00:01:19 (95 turns).

Dadbod the Shield-Bearer (Formicid Fighter)           Turns: 95, Time: 00:01:19

Health: 18/18      AC:  6    Str: 20    XL:     1   Next: 77%
Magic:  1/1        EV:  9    Int:  7    God:
Gold:   0          SH:  5    Dex: 13    Spells: 0/0 levels left

rFire   . . .        a - +0 war axe
rCold   . . .        c - +0 buckler
rNeg    . . .        b - +0 scale mail
rPois   .            (helmet unavailable)
rElec   .            (no cloak)
rCorr   .            (no gloves)
SInv    +            (no boots)
Will    .....        (no amulet) Stlth
                     (no ring)
HPRegen 0.23/turn    (no ring)
MPRegen 0.07/turn

%: no passive effects
@: studying Armour
A: permanent stasis, dig shafts and tunnels, antennae 3, four strong arms
a: Dig, Shaft Self


You were on level 1 of the Dungeon.
You visited 1 branch of the dungeon, and saw 1 of its levels.

Inventory:

Hand Weapons
 a - a +0 war axe (weapon)
Armour
 b - a +0 scale mail (worn)
 c - a +0 buckler (worn)
Jewellery
 g - the amulet of the Komodo Dragon {Regen+ rCorr Stlth+}
   (You acquired it on level 1 of the Dungeon)

   [amulet of regeneration]

   Regen:     It increases your rate of health regeneration.
   rCorr:     It protects you from acid and corrosion.
   Stlth:     It makes you more stealthy.
 h - the ring of Foedamaz {Will+ Stlth+}
   (You acquired it on level 1 of the Dungeon)

   [ring of willpower]

   Will:      It increases your willpower.
   Stlth:     It makes you more stealthy.
Scrolls
 e - a scroll of magic mapping {unknown}
 f - a scroll of fog {unknown}
Potions
 d - a potion of might


   Skills:
 + Level 3.4 Fighting
 + Level 2.0 Axes
 + Level 3.4 Armour
 + Level 4.1 Shields


You couldn't memorise any spells.
You didn't know any spells.
Your spell library was empty.

Dungeon Overview and Level Annotations

Branches:
Dungeon (1/15)

Altars:


Innate Abilities, Weirdness & Mutations

You cannot be hasted, slowed, berserked, paralysed or teleported.
You can dig through walls and to a lower floor.
You have a pair of large antennae on your head. (SInv)
Your four strong arms can wield two-handed weapons with a shield.


Message History

The hobgoblin shouts!
You slash the hobgoblin!
You kill the hobgoblin!
Found 4 stones.
You see here a hobgoblin corpse.
Found a long sword.
Found 2 lumpy sapphire potions.
Found a scroll labelled UNKIPPOYZU.
You sense a monster nearby.
A goblin comes into view. It is wielding a +0 dagger.
You see here a scroll labelled UNKIPPOYZU.
A goblin is nearby!
A goblin is nearby!
f - a scroll labelled UNKIPPOYZU You block the goblin's attack.
You barely miss the goblin. The goblin hits you with a +0 dagger.
You closely miss the goblin. The goblin hits you but does no damage.
The goblin hits you with a +0 dagger.
You slash the goblin!
You kill the goblin!
Things that are here:
a +0 dagger; a goblin corpse An endoplasm and a frilled lizard come into view.
Found 3 scrolls labelled DICAOL JAOKK.
The frilled lizard hisses angrily.
You slash the endoplasm!
You kill the endoplasm!
You hit the frilled lizard.
You kill the frilled lizard!
g - 3 scrolls labelled DICAOL JAOKK This is a scroll of acquirement!
You see here a manual of Armour.
Something appears at your feet!
You pick up a manual of Armour and begin studying.
Something appears at your feet! Something appears at your feet!
g - the amulet of the Komodo Dragon {Regen+ rCorr Stlth+}
h - the ring of Foedamaz {Will+ Stlth+} Are you sure you want to abandon this character and quit the game? (Confirm with "yes".)
Okay, then.
Are you sure you want to abandon this character and quit the game? (Confirm with "yes".)

.............(
..##.#.#######
.# #.#.# .
#.#.# #.#..
#.### #######
#.# #.. ..#
###.##### #.#
#.# #......)#
#.# #@#
#.#.##.## #.#
#.# #.#..#.#
##.###.#{ #
##.#.#
#...)..# .#.#
#..###.# {
.#.# #..# #.#
.#.# #..# ###
.#.# #..# #.#
#..#


There were no monsters in sight!

Vanquished Creatures
  An endoplasm (D:1)
  A goblin (D:1)
  A hobgoblin (D:1)
  A frilled lizard (D:1)
4 creatures vanquished.

Notes
Turn   | Place    | Note
-------+----------+-------------------------------------------
     0 | D:1      | Dadbod the Formicid Fighter began the quest for the Orb.
     0 | D:1      | Reached XP level 1. HP: 18/18 MP: 1/1
    90 | D:1      | Identified 3 scrolls of acquirement
    90 | D:1      | Acquired a manual of Armour
    92 | D:1      | Acquired the ring of Foedamaz {Will+ Stlth+}
    93 | D:1      | Acquired the amulet of the Komodo Dragon {Regen+ rCorr
                  | Stlth+}
    95 | D:1      | Quit the game

Illustrated notes

Levels and vault maps discovered:
D:1:      psy_arrival_dodecagon, layout_basic,
          dreamdust_ecumenical_altar_sealed_demon

Action                     || total
---------------------------++-------
  Melee: War axe           ||     5
    Use: Scroll            ||     3
 Armour: Scale mail        ||     1
  Block: Buckler           ||     1
